Cogmind - Beta 9.6 @@@ ROGUE MODE // 2020.07.17 @ 03:19:06 // Winter2019/RPGLIKE Player: Dullahan Result: Destroyed by G-47 Trooper with Particle Gun Performance ------------- Evolutions (2) 1000 Regions Visited (5) 1000 Robots Destroyed (40) 200 Value Destroyed (998) 998 Prototype IDs (3) 60 Alien Tech Used (0) 0 Bonus (420) 420 TOTAL SCORE: 3678 Bonus ------- Follower Combat Kills 120 Aligned with FarCom 300 Cogmind --------- Core Integrity 0/600 Matter 494/500 Energy 126/150 System Corruption 0% Temperature Cool (9) Movement Walking (120) Location -8/Materials Parts ------- > --- POWER (1) -------- Light Angular Momentum Engine > --- PROPULSION (3) --- Aluminum Leg Carbon-fiber Leg Carbon-fiber Leg > --- UTILITY (3) ------ Improved Heat Sink Advanced Heat Sink High-capacity Matter Pod > --- WEAPON (2) ------- Heavy EM Pulse Gun Heavy EM Pulse Gun > --- INVENTORY (4) ---- Light Nuclear Core Firepult Rocket Launcher Peak State ------------ > --- POWER ------------ Light Angular Momentum Engine > --- PROPULSION ------- Aluminum Leg Carbon-fiber Leg Carbon-fiber Leg > --- UTILITY ---------- Improved Heat Sink Advanced Heat Sink High-capacity Matter Pod > --- WEAPON ----------- Heavy EM Pulse Gun Heavy EM Pulse Gun > --- INVENTORY -------- Light Nuclear Core Firepult Rocket Launcher [Rating: 27] Favorites ----------- Power Ion Engine Engine Ion Engine Propulsion Aluminum Leg Leg Aluminum Leg Utility High-capacity Matter Pod Device Heat Sink Storage High-capacity Matter Pod Weapon Beam Rifle Energy Gun Beam Rifle Energy Cannon Firepult Launcher Rocket Launcher Special Weapon Field Lobotomy Kit Build | -11 -10 -10 -10 -9 -8 ------- Run | Scr Mat Min Exi Min Mat Slots Evolved 5 | 3 . . . . 2 Power . | . . . . . . Propulsion 2 | 1 . . . . 1 Utility 2 | 1 . . . . 1 Weapon 1 | 1 . . . . . Parts Attached 42 | 5 14 1 7 3 12 Power 5 | 1 2 . . 1 1 Engine 5 | 1 2 . . 1 1 Core . | . . . . . . Reactor . | . . . . . . Propulsion 9 | 2 3 . . 2 2 Treads . | . . . . . . Leg 9 | 2 3 . . 2 2 Wheel . | . . . . . . Hover . | . . . . . . Flight . | . . . . . . Utility 8 | . 2 1 1 . 4 Device 4 | . . 1 . . 3 Storage 4 | . 2 . 1 . 1 Processor . | . . . . . . Hackware . | . . . . . . Protection . | . . . . . . Artifact . | . . . . . . Weapon 20 | 2 7 . 6 . 5 Energy Gun 16 | 2 6 . 4 . 4 Energy Cannon 1 | . . . 1 . . Ballistic Gun . | . . . . . . Ballistic Cannon . | . . . . . . Launcher 2 | . 1 . . . 1 Special Weapon 1 | . . . 1 . . Impact Weapon . | . . . . . . Slashing Weapon . | . . . . . . Piercing Weapon . | . . . . . . Special Melee Weapon . | . . . . . . Unidentified Prototypes 3 | . . . 3 . . Parts Lost . | . . . . . . Power . | . . . . . . Propulsion . | . . . . . . Utility . | . . . . . . Weapon . | . . . . . . Highest Loss Streak . | . . . . . . Average Slot Usage (%) 91 | . 82 100 98 100 92 Engine 13 | . 14 14 14 14 11 Leg 27 | . 28 28 28 28 25 Device 10 | . . 13 14 14 18 Storage 12 | . 10 14 14 14 11 Energy Gun 26 | . 27 28 26 28 23 Naked Turns . | . . . . . . Heaviest Build 21 | 8 15 15 16 15 21 Greatest Support 40 | 20 20 20 20 20 40 Greatest Overweight (x) 1 | . . . . . 1 Average Overweight (x) . | . . . . . . Largest Inventory Capacity 4 | 3 3 3 4 4 4 Average Capacity 3 | 3 3 3 3 4 4 Most Carried 4 | 3 3 3 4 4 4 Average Carried 3 | 1 2 3 3 3 4 Final Capacity 4 | 3 3 3 4 4 4 Final Carried 4 | 3 3 3 4 4 4 Class Distribution -------------------- 73% | Scavenger-Mutant 26% | Mutant Dominant Class ---------------- Mutant | -10/Materials Scavenger-Mutant | -10/Mines Scavenger-Mutant | -10/Exiles Scavenger-Mutant | -9/Mines Scavenger-Mutant | -8/Materials Resources | -11 -10 -10 -10 -9 -8 ----------- Run | Scr Mat Min Exi Min Mat Matter Collected 770 | 250 263 10 10 80 157 Remotely . | . . . . . . Salvage Created 1216 | 70 208 122 . 64 752 Parts 75 | 1 14 13 . 2 45 Haulers Intercepted 1 | . . . . . 1 Recyclers Shooed 3 | . 2 1 . . . Parts Field Recycled . | . . . . . . Retrieved Matter . | . . . . . . Parts Self-Destructed . | . . . . . . Prevented . | . . . . . . Kills | -11 -10 -10 -10 -9 -8 ------- Run | Scr Mat Min Exi Min Mat Combat Hostiles Destroyed 29 | . 6 5 . . 18 Guns 20 | . 3 5 . . 12 AOE 8 | . 2 . . . 6 Classes Destroyed 10 | 1 4 1 . . 4 Worker 2 | . 2 . . . . Builder 1 | . . . . . 1 Tunneler 1 | . . 1 . . . Hauler 1 | . . . . . 1 Recycler 3 | 1 . . . 1 1 Watcher 3 | . 1 . . . 2 Swarmer 12 | . 2 3 . . 7 Grunt 15 | . 4 2 . . 9 Duelist 1 | . . . . . 1 Hunter 1 | . . . . . 1 Best Kill Streak 7 | 1 2 3 . 1 7 Combat Bots Only 6 | . 2 3 . . 6 Max Kills in Single Turn 4 | 1 1 2 . 1 4 Gunslinging 1 | . . 1 . . . Exploded 4 | . 1 . . . 4 Melee . | . . . . . . Uniques/NPCs Destroyed . | . . . . . . Combat | -11 -10 -10 -10 -9 -8 -------- Run | Scr Mat Min Exi Min Mat Damage Taken 1656 | . 441 96 . . 1119 Core 1357 | . 391 80 . . 886 Absorbed by Shields . | . . . . . . Redirected to Core 992 | . 175 51 . . 766 Core Remaining (%) 100 | 100 . . . 100 . Volleys Fired 105 | 2 35 8 . 5 55 Largest 2 | 2 2 2 . 2 2 Hottest 130 | 90 121 121 . 105 130 Shots Fired 198 | 4 61 16 . 10 107 Gun 192 | 4 58 16 . 10 104 Cannon . | . . . . . . Launcher 6 | . 3 . . . 3 Special . | . . . . . . Kinetic . | . . . . . . Thermal 96 | 4 53 16 . 5 18 Explosive 6 | . 3 . . . 3 Electromagnetic 96 | . 5 . . 5 86 Robot Hit Streak 11 | 3 6 6 . 3 11 Robot Miss Streak 9 | . 4 2 . 3 9 Penetration Max . | . . . . . . Secondary Targets 4 | . . 2 . . 2 Max Gunslinging Chain 1 | . . 1 . . 1 Shots Hit Robots 117 | 3 35 11 . 6 62 Core Hits 63 | 2 14 8 . 2 37 Critical Hits . | . . . . . . Critical Kills . | . . . . . . Critical Parts Destroyed . | . . . . . . Melee Attacks . | . . . . . . Impact . | . . . . . . Slashing . | . . . . . . Piercing . | . . . . . . Sneak Attacks . | . . . . . . Combat Hostiles . | . . . . . . Follow-up Attacks . | . . . . . . Damage Inflicted 2542 | 35 861 197 . 73 1376 Guns 1809 | 35 564 197 . 73 940 Cannons . | . . . . . . Explosions 733 | . 297 . . . 436 Melee . | . . . . . . Ramming . | . . . . . . Kinetic . | . . . . . . Thermal 1006 | 35 511 197 . 48 215 Explosive 691 | . 297 . . . 394 Electromagnetic 845 | . 53 . . 25 767 Impact . | . . . . . . Slashing . | . . . . . . Piercing . | . . . . . . Highest Corruption . | . . . . . . Average Corruption . | . . . . . . Corruption Purged . | . . . . . . Overload Shots . | . . . . . . Overflow Damage 81 | . 62 . . . 19 Projectiles . | . . . . . . Explosions 81 | . 62 . . . 19 Melee . | . . . . . . Knockbacks . | . . . . . . Impact . | . . . . . . Kinetic . | . . . . . . Secondary . | . . . . . . Self-Inflicted Damage 167 | . 44 . . . 123 Shots 4 | . 1 . . . 3 Rammed . | . . . . . . Targets Rammed . | . . . . . . Kicked . | . . . . . . Crushed . | . . . . . . Highest Temperature 555 | 60 555 216 . 45 198 Average Temperature 130 | 30 175 69 . 20 92 Received Heat Transfer 477 | . 126 36 . . 315 Effects 15 | . 15 . . . . Shutdowns 3 | . 3 . . . . Energy Bleed 3 | . 3 . . . . Interference 2 | . 2 . . . . Matter Decay 1 | . 1 . . . . Short Circuit 1 | . 1 . . . . Damage (minor) 1 | . 1 . . . . Damage (major) 3 | . 3 . . . . Damage (core) 1 | . 1 . . . . Siege Activations . | . . . . . . Robots Corrupted . | . . . . . . Combat Hostiles . | . . . . . . Parts Fried 1 | . . . . . 1 Impact Corruptions . | . . . . . . Robots Melted 1 | . 1 . . . . Combat Hostiles 1 | . 1 . . . . Parts Melted 7 | 2 2 2 . . 1 Heat Transferred 2432 | 99 1284 481 . 111 457 Parts Sabotaged . | . . . . . . Parts Stolen . | . . . . . . Parts Stripped . | . . . . . . Power Chain Reactions 1 | . . . . . 1 Missiles Intercepted . | . . . . . . Alert | -11 -10 -10 -10 -9 -8 ------- Run | Scr Mat Min Exi Min Mat Peak Influence 344 | 5 149 150 . 98 344 Average Influence 75 | 1 26 114 . 58 129 Maximum Alert Level 1 | . . . . . 1 Low Security (%) 93 | 100 100 100 . 100 80 Level 1 6 | . . . . . 19 Level 2 . | . . . . . . Level 3 . | . . . . . . Level 4 . | . . . . . . Level 5 . | . . . . . . High Security . | . . . . . . Max Security . | . . . . . . Squads Dispatched 3 | . 2 . . . 1 Investigation 2 | . 1 . . . 1 Extermination . | . . . . . . Reinforcement 1 | . 1 . . . . Assault . | . . . . . . Garrison . | . . . . . . Intercept . | . . . . . . Construction Impeded . | . . . . . . Haulers Reinforced . | . . . . . . Stealth | -11 -10 -10 -10 -9 -8 --------- Run | Scr Mat Min Exi Min Mat Distress Signals 2 | . . . . . 2 Communications Jammed . | . . . . . . Distress Signals . | . . . . . . Times Spotted 47 | . 17 5 . 2 23 Peak Tracking Total 6 | . 3 3 . 2 6 Tactical Retreats 5 | . 4 . . . 1 Traps | -11 -10 -10 -10 -9 -8 ------- Run | Scr Mat Min Exi Min Mat Traps Triggered 1 | . . . . . 1 Indirectly . | . . . . . . Trap Hack Attempts . | . . . . . . Triggered . | . . . . . . Disarmed . | . . . . . . Reprogrammed . | . . . . . . Reused . | . . . . . . Traps Extracted . | . . . . . . Installed . | . . . . . . Triggered . | . . . . . . Exploded 1 | . . . 1 . . Machines | -11 -10 -10 -10 -9 -8 ---------- Run | Scr Mat Min Exi Min Mat Machines Disabled 2 | . 1 . . . 1 Max in Single Turn 1 | . 1 . . . 1 Machines Sabotaged . | . . . . . . Garrisons Compromised . | . . . . . . Overloaded Fab Kills . | . . . . . . Fab Network Shutdowns . | . . . . . . Hacking | -11 -10 -10 -10 -9 -8 --------- Run | Scr Mat Min Exi Min Mat Machines Accessed 9 | . 7 . 1 . 1 Terminals 8 | . 7 . . . 1 Fabricators . | . . . . . . Repair Stations . | . . . . . . Recycling Units . | . . . . . . Scanalyzers . | . . . . . . Garrison Access . | . . . . . . Total Hacks 46 | . 21 . 23 . 2 Successful 37 | . 12 . 23 . 2 Failed 9 | . 9 . . . . Catastrophic 1 | . 1 . . . . Database Lockouts . | . . . . . . Manual 16 | . 13 . 1 . 2 Terminals 23 | . 21 . . . 2 Fabricators . | . . . . . . Repair Stations . | . . . . . . Recycling Units . | . . . . . . Scanalyzers . | . . . . . . Garrison Access . | . . . . . . Terminal Hacks 28 | . 5 . 23 . . Record 23 | . . . 23 . . Robot Analysis 2 | . 2 . . . . Branch Access Points 1 | . 1 . . . . Locate Traps 1 | . 1 . . . . Zone Layout 1 | . 1 . . . . Fabricator Hacks . | . . . . . . Repair Station Hacks . | . . . . . . Recycling Unit Hacks . | . . . . . . Scanalyzer . | . . . . . . Garrison Access Hacks . | . . . . . . Unauthorized Hacks 9 | . 7 . . . 2 Terminals 9 | . 7 . . . 2 Track 4 | . 3 . . . 1 Botnet 5 | . 4 . . . 1 Fabricators . | . . . . . . Repair Stations . | . . . . . . Recycling Units . | . . . . . . Scanalyzers . | . . . . . . Garrison Access . | . . . . . . Data Cores Recovered . | . . . . . . Used . | . . . . . . Hacking Detections 7 | . 6 . . . 1 Full Trace Events 1 | . 1 . . . . Feedback Events . | . . . . . . Feedback Blocked . | . . . . . . Robot Schematics Acquired . | . . . . . . Robots Built . | . . . . . . Matter . | . . . . . . Time . | . . . . . . Total Robot Build Rating . | . . . . . . Part Schematics Acquired . | . . . . . . Parts Built . | . . . . . . Matter . | . . . . . . Time . | . . . . . . Total Part Build Rating . | . . . . . . Parts Repaired . | . . . . . . Time . | . . . . . . Parts Recycled . | . . . . . . Recycled Matter . | . . . . . . Retrieved Matter . | . . . . . . Retrieved Components . | . . . . . . Parts Scanalyzed . | . . . . . . Part Schematics Acquired . | . . . . . . Parts Damaged . | . . . . . . Bothacking | -11 -10 -10 -10 -9 -8 ------------ Run | Scr Mat Min Exi Min Mat Used RIF Installer . | . . . . . . Robots Hacked . | . . . . . . Non-combat . | . . . . . . Combat . | . . . . . . Robot Hacks Applied . | . . . . . . Relay Couplers Released . | . . . . . . Robots Rewired . | . . . . . . Allies Hacked . | . . . . . . Hacks Repelled . | . . . . . . Allies | -11 -10 -10 -10 -9 -8 -------- Run | Scr Mat Min Exi Min Mat Total Allies 3 | . . 3 . . . Largest Group 3 | . . 3 3 3 2 Highest-Rated Group 40 | . . 40 40 40 32 Highest-Rated Ally 16 | . . 16 16 16 16 Total Orders . | . . . . . . Ally Attacks 23 | . . . . 15 8 Total Damage 289 | . . . . 196 93 Kills 4 | . . . . 4 . Allies Corrupted . | . . . . . . Allies Melted . | . . . . . . Intel | -11 -10 -10 -10 -9 -8 ------- Run | Scr Mat Min Exi Min Mat Robot Analysis Total 2 | . 2 . . . . Derelict Logs Recovered 2 | . . 1 . 1 . Drone Launches . | . . . . . . Drone Recoveries . | . . . . . . Exploration | -11 -10 -10 -10 -9 -8 ------------- Run | Scr Mat Min Exi Min Mat Turns Passed 2868 | 87 914 320 636 138 773 Spaces Moved 1735 | 59 531 231 516 48 350 Core 3 | 3 . . . . . Treads . | . . . . . . Legs 1732 | 56 531 231 516 48 350 Wheels . | . . . . . . Hover . | . . . . . . Flight . | . . . . . . Fastest Speed 50 | 50 120 120 120 120 120 Average Speed 123 | 116 120 120 120 120 135 Slowest Speed 150 | 120 120 120 120 120 150 Overloaded Moves . | . . . . . . Propulsion Burnouts . | . . . . . . Robots Hopped . | . . . . . . Cave-ins Triggered . | . . . . . . Exploration Rate (%) 45 | 4 86 44 92 10 39 Regions Visited 5 Branch Regions 3 Pre-discovered Areas 2 | . . . 1 1 . Known Exits Taken 1 | . 1 . . . . Unknown Exits Taken 4 | 1 . 1 1 1 . Scrap Searched 1 | . . . . 1 . Spaces Dug . | . . . . . . Terrain Destroyed 46 | . 15 . . . 31 Melee . | . . . . . . Projectile . | . . . . . . AOE 46 | . 15 . . . 31 Actions | -11 -10 -10 -10 -9 -8 --------- Run | Scr Mat Min Exi Min Mat Total 2280 | 71 753 258 534 120 544 Wait 325 | 3 151 11 4 51 105 Move 1730 | 58 530 230 515 47 350 Hop . | . . . . . . Pick Up 9 | 3 4 . 1 1 . Fast Attach 16 | 5 2 1 5 . 3 Attach 2 | . 1 . 1 . . Detach . | . . . . . . Swap 24 | . 11 . 1 3 9 Drop 33 | . 13 1 7 4 8 Fire 105 | 2 35 8 . 5 55 Melee . | . . . . . . Ram . | . . . . . . Kick . | . . . . . . Crush . | . . . . . . Escape Stasis . | . . . . . . Rewire . | . . . . . . Trap . | . . . . . . Miscellaneous 36 | . 6 7 . 9 14 Route ------- -11/Scrapyard -10/Materials (discovered 4 exits: [*Mat x3] / *Min) -10/Mines (discovered 2 exits: [*Mat] / *Exi) -10/Exiles (discovered 2 exits: [*Min x2]) -9/Mines -8/Materials (discovered 1 exit: [*Fac]) History --------- Turn | Location | Event 1 | -11/Scrapyard | Upgraded with Propulsion slot (x1) 1 | -11/Scrapyard | Upgraded with Utility slot (x1) 1 | -11/Scrapyard | Upgraded with Weapon slot (x1) 4 | -11/Scrapyard | Discovered new exit (range 16) 88 | -11/Scrapyard | Entered Materials 308 | -10/Materials | Build established: Mutant 452 | -10/Materials | Identified exit to Mines 462 | -10/Materials | Core integrity fell below 50% 492 | -10/Materials | Discovered new exit (range 16) 631 | -10/Materials | Discovered new exit (range 11) 882 | -10/Materials | Discovered new exit (range 16) 1002 | -10/Materials | Entered Mines 1008 | -10/Mines | Reached level 2 1037 | -10/Mines | Discovered new exit (range 16) 1066 | -10/Mines | Build established: Scavenger-Mutant 1088 | -10/Mines | Learned Materials terminal intel 1234 | -10/Mines | Assisted by bots powering up and referring to "LRC-V3" 1306 | -10/Mines | Deemed a non-threat by the Exiles lab entrance 1308 | -10/Mines | Discovered new exit (range 5) 1322 | -10/Mines | Entered Exiles 1322 | -10/Exiles | Accompanied by 3 allies 1340 | -10/Exiles | Discovered new exit (range 15) 1355 | -10/Exiles | Met 8R-AWN 1369 | -10/Exiles | Met EX-HEX 1448 | -10/Exiles | Met EX-DEC 1465 | -10/Exiles | Visited The Gauntlet 1688 | -10/Exiles | Learned location of Zion (-6) 1709 | -10/Exiles | Met EX-BIN 1726 | -10/Exiles | Aligned with FarCom system 1727 | -10/Exiles | Given EX-Vault access code 1792 | -10/Exiles | Opened EX-Vault 1803 | -10/Exiles | Found Prototype Energy Cannon 1803 | -10/Exiles | Identified Firepult 1808 | -10/Exiles | Found Prototype Special Weapon 1808 | -10/Exiles | Identified Field Lobotomy Kit 1817 | -10/Exiles | Found Prototype Energy Gun 1817 | -10/Exiles | Identified AWS/Thermal 1853 | -10/Exiles | Exiles lab attacked by MAIN.C 1942 | -10/Exiles | Discovered new exit (range 11) 1958 | -10/Exiles | Left Exiles lab with Firepult 1958 | -10/Exiles | Entered Mines 1958 | -9/Mines | Accompanied by 3 allies 1964 | -9/Mines | Reached level 3 1996 | -9/Mines | Met a Derelict bent on vengeance 2050 | -9/Mines | Discovered new exit (range 8) 2096 | -9/Mines | Entered Materials 2096 | -8/Materials | Accompanied by 2 allies 2097 | -8/Materials | Loaded intel: 12 terminal locations 2098 | -8/Materials | Reached level 4 2280 | -8/Materials | Core integrity fell below 50% 2343 | -8/Materials | Upgraded with Propulsion slot (x1) 2343 | -8/Materials | Upgraded with Utility slot (x1) 2653 | -8/Materials | Reached level 5 2725 | -8/Materials | Core integrity fell below 20% 2833 | -8/Materials | Discovered new exit (range 16) 2869 | -8/Materials | Destroyed by G-47 Trooper with Particle Gun Last Messages --------------- 02769_ K-01 Serf collects debris. 02770_ G-47 Trooper IFF system glitched. 02773_ Lgt. Nuclear Core fried. 02773_ G-47 Trooper destroyed. 02773_ K-01 Serf collects debris. 02783_ Acquired Carbon-fiber Leg. 02786_ Dropped Aluminum Leg. 02787_ Acquired 20 matter. 02788_ K-01 Serf collects debris. 02795_ Dropped Imp. Heat Sink. 02797_ Acquired 4 matter. 02833_ EXIT=FOUND 02840_ Triggered Alarm Trap. 02840_ An alarm sounds. 02840_ ALERT: Alarm triggered, dispatching investigation squad. 02850_ G-47 Trooper destroyed. 02854_ Processing Tank disabled. 02859_ G-47 Trooper destroyed. 02859_ Switching to secondary target: G-47 Trooper. 02861_ U-05 Engineer lays Concrete. Map ----- +----------------------------------------------------+ | | | | | | | | | | | | | | | | | | | | | | | | | | | | | | | | | | | ?????????????????????????####????????????????????? | | ???????????????????????? | ???????????????????? | | ?????????????????????# ???????????????????? | | ?????????????????????# """ """ #?????????????????? | | ?????????????????????# """ """ #?????????????????? | | ?????????????????????# """ """ #?????????????????? | | ?????????????????????# """ """ #?????????????????? | | ?????????????????????# "" """ #?????????????????? | | ?????????????????????# @%= #?????????????????? | | ???????????????###########g##################????? | | ???????????????# =! #????? | | ???????????????# < #????? | | ???????????????# #????? | | ???????????????####+#############+####### #????? | | ???????????????????????????????# ## #????? | | ???????????????????????????????# ## #????? | | ????????????Y??????????????????# ## #????? | | ???????????????????????????????# ## #????? | | ???????????????????????????????# ## #????? | | ???????????????????????????????# ## #?#### | | ?#?????#######?????????????????# ## #? | | ## ????# #?????????????????# ## # | | ????# #?????????????????# ## # """ | | """ ???# """ #?????????????????# ## + """ | | """ ???# """ #?????????????????# ## # """ | | """ ??# """ #?????########????########## # | | ??? ####### #?????????????# ###### | | """ ####+### # [[[ #??????######## | | """ # * # [[[ #??????# = !=#= | | """ + + [[[ #??????#%=*=!%#% %""" " | | # """ """ # =########%[%*%=+ ="%"" " | | " # """ """ #| !*%/ *%/%%* !%#=!r%"" " | | T?# """ """ ###############[ [[ [#% | +----------------------------------------------------+ Best States ------------- Heat Dissipation 58 Energy Generation 18 Energy Capacity 250 Matter Stores 500 Matter Capacity 500 Sight Range 16 Robot Scan Range 2 Terrain Scan Density 210 Evasion (%) 40 Item Schematics ----------------- None Robot Schematics ------------------ None Fabricated ------------ Nothing Alien Tech Used ----------------- None Achievements -------------- None Challenges ------------ None RPGLIKE | -11 -10 -10 -10 -9 -8 --------- Run | Scr Mat Min Exi Min Mat Levels Raised 4 | . . 1 . 1 2 XP Earned 10143 | 3000 840 1100 350 1123 3730 XP Spent 5790 | 3000 . 50 1000 140 1600 Upgrades 12 | 6 . 1 1 2 2 Propulsion Slot 2 | 1 . . . . 1 Utility Slot 2 | 1 . . . . 1 Weapon Slot 1 | 1 . . . . . Inventory Capacity 4 | 3 . . 1 . . Sensor Range 1 | . . 1 . . . Terrain Scan Density 2 | . . . . 2 . Protomatter Created 329 | . 87 69 . . 173 Integrity Restored 756 | . 123 162 . 186 285 Core 756 | . 123 162 . 186 285 Protomatter Decayed 102 | . 46 15 3 38 . Game ------ Seed AlphaFluxApparatus Manual? 0 Play Time 00:28:25 Cumulative 152.4 hours Start 2020.07.17 @ 02:31:57 End 2020.07.17 @ 03:19:06 Sessions 1 Manual Loads 0 Difficulty Rogue Special Mode Winter2019/RPGLIKE Game No. 194 Rogue 128 Adventurer 0 Explorer 66 Win Type - Total 29 Types 21/0/4/3/1/0/0 Lore% 86 Gallery% 80 Achievement% 56 Wizard Run 0 Options --------- ASCII 0 Keyboard 0 Movement Numpad Keybinds 1 Fullscreen 2 Font 18/X11 Map View 76x50 Tactical HUD 1 Map Filters NONE Filters NONE Steam 1 RUN: 09ef7b36-4266-4e4f-a73b-39633c007ff4